 Seeded DCSS version 0.29-a0-923-g6e406bff71 (webtiles) character file.

Game seed: 20220728 (custom seed)

86 purpskrrrp the Trooper (level 4, -11/29 HPs)
             Began as a Gargoyle Monk on July 28, 2022.
             Killed from afar by an acid dragon (23 damage)
             ... with a splash of acid
             ... on level 4 of the Dungeon.
             The game lasted 00:06:18 (3906 turns).

purpskrrrp the Trooper (Gargoyle Monk)              Turns: 3906, Time: 00:06:18

Health: -11/29     AC: 17    Str: 16    XL:     4   Next: 49%
Magic:  4/4        EV: 10    Int: 11    God:
Gold:   144        SH:  0    Dex: 12    Spells: 3/3 levels left

rFire   + . .      SeeInvis .   a - +0 hand axe (protect)
rCold   . . .      Faith    .   (no shield)
rNeg    + . .      Spirit   .   e - +0 scale mail {rF+}
rPois   ∞          Reflect  .   q - +0 helmet
rElec   +          Harm     .   (no cloak)
rCorr   .          Rampage  .   (no gloves)
Will    .....                   (no boots)
Stlth   +.........              (no amulet)
HPRegen 0.09/turn               (no ring)
MPRegen 0.09/turn               (no ring)

@: under a protective aura, invisible
A: sickness immunity, AC +3, negative energy resistance 1, electricity
resistance, torment resistance 1, petrification resistance
a: no special abilities


You were on level 4 of the Dungeon.
You visited 1 branch of the dungeon, and saw 4 of its levels.

You collected 144 gold pieces.

Inventory:

Hand Weapons
 a - a +0 hand axe of protection (weapon)
Missiles
 d - 4 poisoned darts (quivered)
 m - 6 boomerangs
 n - 3 javelins
Armour
 b - a +0 robe
 e - a +0 scale mail of fire resistance (worn)
 q - a +0 helmet (worn)
Wands
 g - a wand of digging (4)
Scrolls
 c - a scroll of enchant armour {unknown}
 i - a scroll of immolation {unknown}
 j - a scroll of amnesia {unknown}
 k - a scroll of blinking {unknown}
 o - a scroll of fear {unknown}
 p - 2 scrolls of magic mapping
 r - 2 scrolls of silence {unknown}
Potions
 f - 3 potions of heal wounds


   Skills:
 + Level 3.9 Fighting
 * Level 3.9 Axes
 + Level 2.6 Dodging
 * Level 2.8 Stealth


You had 3 spell levels left.
You didn't know any spells.
Your spell library was empty.

Dungeon Overview and Level Annotations

Branches:
Dungeon (4/15)
 Temple: D:4-7

Altars:
Vehumet

Annotations:
D:3 3 runed translucent doors, Yogidamonk's ghost, amateur MiBe


Innate Abilities, Weirdness & Mutations

You are immune to sickness and miasma.
Your stone body is resilient. (AC +3)
You are immune to poison.
You resist negative energy. (rN+)
You are resistant to electric shocks. (rElec)
You are resistant to unholy torment.
You are immune to petrification.


Message History

It is a scroll of identify.
h - a potion of invisibility
As you read the scroll of identify, it crumbles to dust.
f - 3 potions of heal wounds
As you read the scroll of identify, it crumbles to dust.
p - 2 scrolls of magic mapping Could not explore, unopened runed door.
Sorry, you're not good enough to have a special ability.
You see here a +0 leather armour.
There is a stone staircase leading up here.
There is an escape hatch in the floor here.
You slide downwards.
The hatch slams shut behind you.
Found a stone staircase leading up.
Found a scroll of identify.
You fade into invisibility!
The acid dragon spits acid at you. The splash of acid misses you.
You hear a shout!
You hit the acid dragon but do no damage.
Your weapon exudes an aura of protection.
The acid dragon barely misses you.
The acid dragon claws you but does no damage.
You barely miss the acid dragon.
You punch the acid dragon, but do no damage.
The acid dragon closely misses you.
The acid dragon claws you but does no damage.
You hit the acid dragon but do no damage.
The acid dragon bites you!
The acid dragon claws you but does no damage.
You hit the acid dragon but do no damage.
The acid dragon closely misses you.
The acid dragon claws you but does no damage.
You hit the acid dragon but do no damage.
The acid dragon bites you! The acid dragon claws you.
You hit the acid dragon.
The acid dragon is lightly wounded.
The acid dragon spits acid at you. The splash of acid hits you!!
Ouch! That really hurt!
You die...

.......#
#......##
.##.......#
.......<..+
..........
.........#
.......D.#
.......@.#
.##......#
#......#
.........#
.##..###+#
#.. #. +?


You could see an acid dragon (unable to see you, catching breath).

Vanquished Creatures
  3 gnolls (D:2)
  2 adders
  2 orcs (D:3)
  3 bats
  5 endoplasms
  2 giant cockroaches
  3 goblins
  6 hobgoblins
  2 kobolds
  2 quokkas
  3 ball pythons
  3 rats
36 creatures vanquished.

Vanquished Creatures (others)
  4 fungi (D:3)
4 creatures vanquished.

Grand Total: 40 creatures vanquished

Notes
Turn   | Place    | Note
-------+----------+-------------------------------------------
     0 | D:1      | purpskrrrp the Gargoyle Monk began the quest for the Orb.
     0 | D:1      | Reached XP level 1. HP: 14/14 MP: 1/1
   544 | D:1      | Found a faded altar of an unknown god.
   556 | D:1      | Reached XP level 2. HP: 12/19 MP: 2/2
  1725 | D:1      | Prayed at the altar of an unknown god.
  1725 | D:1      | Became a worshipper of Vehumet
  1725 | D:1      | Reached * piety under Vehumet
  1725 | D:1      | Offered knowledge of Shock by Vehumet.
  1725 | D:1      | Reached ** piety under Vehumet
  1726 | D:1      | Fell from the grace of Vehumet
  1967 | D:2      | Reached XP level 3. HP: 18/23 MP: 3/3
  2644 | D:2      | Reached XP level 4. HP: 20/29 MP: 4/4
  2954 | D:3      | Noticed a kobold brigand
  2963 | D:3      | Noticed Yogidamonk's ghost (amateur MiBe)
  3036 | D:3      | Found a runed translucent gate.
  3037 | D:3      | Found a runed translucent gate.
  3038 | D:3      | Found a runed translucent gate.
  3898 | D:4      | Noticed an acid dragon
  3906 | D:4      | Killed from afar by an acid dragon

Illustrated notes

Levels and vault maps discovered:
D:1:      dpeg_arrival_erosion, layout_basic, ebering_ecumenical_altar_abandoned
D:2:      layout_basic
D:3:      layout_loops_ring, gammafunk_ghost_nasty_kobolds
D:4:      layout_gridville, lemuel_tele_altar, st_stairs_3, uniq_eustachio

Skill      XL: |  1  2 |
---------------+-------+-----
Axes           | 3 |  3.9
Fighting       | |  3.9
Dodging        | |  2.6
Stealth        | |  2.8

Action                   |  1- 3 |  4- 6 || total
-------------------------+-------+-------++-------
Melee: Hand axe          |   105 |    47 ||   152
       Punch             |       |     1 ||     1
Invok: Renounce Religion |     1 |       ||     1
  Use: Scroll            |     2 |     3 ||     5
       Potion            |     1 |     1 ||     2
 Stab: Sleeping          |     1 |       ||     1
Armor: Scale mail        |    54 |    16 ||    70
       Robe              |     3 |       ||     3
Dodge: Dodged            |    53 |    26 ||    79

Table legend: (Time is in decaauts)
 A = Elapsed time spent in this place.
 B = Non-inter-level travel time spent in this place.
 C = Inter-level travel time spent in this place.
 D = Time resting spent in this place.
 E = Time spent auto-exploring this place.
 F = Levels seen in this place.
 G = Mean time per level.
                   A        B        C        D        E       F      G
               +--------+--------+--------+--------+--------+-----+--------+
         Total |   3925 |   3718 |    207 |    158 |   3145 |   4 |  981.2 |
       Dungeon |   3925 |   3718 |    207 |    158 |   3145 |   4 |  981.2 |
               +--------+--------+--------+--------+--------+-----+--------+

Top non-repeatable levels by time:
     D:1: 1754 daAuts
     D:2: 1133 daAuts
     D:3: 1029 daAuts
     D:4: 8 daAuts
